PCL
REDWOOD CITY REDWOODS @ DISTRICT 9 PRAWNS
09/11/2030
 
TOP OF THE 1ST
Redwood City Redwoods batting - Pitching for District 9 Prawns : RHP Víctor Ventura
Pitching: RHP Víctor Ventura
Batting: LHB José Peralta 0-0: Ball
1-0: Ball
2-0: DOUBLE (Flyball, 89XD)
Batting: LHB Keith Green 0-0: Called Strike
0-1: Ball
1-1: Ball
2-1: Fly out, F9 (Line Drive, 9)
Batting: RHB David Adams 0-0: Ball
1-0: Ball
2-0: Ball
3-0: Called Strike
3-1: Base on Balls
Batting: RHB Steve Sampson 0-0: Foul Ball, location: 2F
0-1: 3-RUN HOME RUN (Flyball, 7LD), Distance : 383 ft
Batting: RHB Javier Ortíz 0-0: Foul Ball, location: 2F
0-1: Ball
1-1: Ball
2-1: Foul Ball, location: 2F
2-2: Ground out 6-3 (Groundball, 6)
Batting: RHB Luis Miguel Sánchez 0-0: Ball
1-0: Called Strike
1-1: Swinging Strike
1-2: Strikes out swinging
Top of the 1st over - 3 runs, 2 hits, 0 errors, 0 left on base; Redwood City 3 - District 9 0
BOTTOM OF THE 1ST
District 9 Prawns batting - Pitching for Redwood City Redwoods : RHP Juan Caballero
Pitching: RHP Juan Caballero
Batting: SHB David Boyle 0-0: Ball
1-0: Ball
2-0: Swinging Strike
2-1: Foul Ball, location: 2F
2-2: Ball
3-2: Base on Balls
Batting: SHB Chris Barrett 0-0: Called Strike
0-1: Ball
1-1: Ball
2-1: Ball
3-1: Foul Ball, location: 2F
3-2: Base on Balls
David Boyle to second
Batting: LHB Terry Simpson 0-0: DOUBLE (Line Drive, 9LM)
David Boyle scores
Chris Barrett to third
Batting: LHB Mike Davis 0-0: Ball
1-0: Called Strike
1-1: 3-RUN HOME RUN (Flyball, 7LD), Distance : 366 ft
Batting: RHB José Colón 0-0: Foul Ball, location: 2F
0-1: Foul Ball, location: 2F
0-2: Ball
1-2: Fly out, F8 (Flyball, 8LXD)
Batting: LHB Manuel Cardenas 0-0: Ball
1-0: Ball
2-0: Ball
3-0: Called Strike
3-1: Base on Balls
Batting: LHB António Romo 0-0: Ball
1-0: Swinging Strike
1-1: Called Strike
1-2: Ball
2-2: Foul Ball, location: 2F
2-2: Ball
3-2: Base on Balls
Manuel Cardenas to second
Batting: LHB Al Bartlett 0-0: Ball
1-0: 3-RUN HOME RUN (Flyball, 7LD), Distance : 361 ft
Batting: RHB Alfredo Rangel 0-0: Called Strike
0-1: SINGLE (Line Drive, 8LS)
Batting: SHB David Boyle 0-0: Ball
1-0: Ball
2-0: Ball
3-0: Base on Balls
Alfredo Rangel to second
Batting: SHB Chris Barrett 0-0: Ball
1-0: Foul Ball, location: 2F
1-1: Ball
2-1: Foul Ball, location: 2F
2-2: Foul Ball, location: 2F
2-2: Fly out, F9 (Line Drive, 9LM)
Batting: LHB Terry Simpson 0-0: Ball
1-0: Ball
2-0: SINGLE (Groundball, 4MD)
Alfredo Rangel to third
David Boyle to second
Runner from 3rd tries for Home, SAFE, no throw
Batting: LHB Mike Davis 0-0: Ball
1-0: Ball
2-0: Ball
3-0: Base on Balls
David Boyle to third
Terry Simpson to second
Pitching: LHP Leonard Simmons
Batting: RHB José Colón 0-0: Called Strike
0-1: Ball
1-1: Foul Ball, location: 2F
1-2: Ball
2-2: Fly out, F7 (Line Drive, 7)
Bottom of the 1st over - 8 runs, 5 hits, 0 errors, 3 left on base; Redwood City 3 - District 9 8
TOP OF THE 2ND
Redwood City Redwoods batting - Pitching for District 9 Prawns : RHP Víctor Ventura
Batting: RHB Luis Ramírez 0-0: Ball
1-0: Foul Ball, location: 2F
1-1: Foul Ball, location: 2F
1-2: Ball
2-2: SINGLE (Flyball, 89S)
Batting: LHB Arthur Hall 0-0: SINGLE (Groundball, 56S) (infield hit)
Luis Ramírez to second
Batting: RHB Jesús Cuevas 0-0: Foul Ball, location: 2F
0-1: Called Strike
0-2: Ball
1-2: Ball
2-2: Foul Ball, location: 2F
2-2: Fly out, F4 (Line Drive, 4)
Lined into DP, 4-6 (Line Drive, 4)
Batting: LHB José Peralta 0-0: SINGLE (Groundball, 5S) (infield hit)
Arthur Hall to second
Batting: LHB Keith Green 0-0: Ball
1-0: Ball
2-0: Foul Ball, location: 2F
2-1: Called Strike
2-2: Ground out U3 (Groundball, 34)
Top of the 2nd over - 0 runs, 3 hits, 0 errors, 2 left on base; Redwood City 3 - District 9 8
BOTTOM OF THE 2ND
District 9 Prawns batting - Pitching for Redwood City Redwoods : LHP Leonard Simmons
Batting: LHB Manuel Cardenas 0-0: Called Strike
0-1: Ball
1-1: Ball
2-1: Ground out U3 (Groundball, 3L)
Batting: LHB António Romo 0-0: Hit by Pitch
Batting: LHB Al Bartlett 0-0: Foul Ball, location: 2F
0-1: Foul Ball, location: 2F
0-2: SINGLE (Line Drive, 9S)
António Romo to second
Batting: RHB Alfredo Rangel 0-0: Called Strike
0-1: 3-RUN HOME RUN (Flyball, 7LD), Distance : 365 ft
Batting: SHB David Boyle 0-0: Ball
1-0: Called Strike
1-1: Swinging Strike
1-2: Ball
2-2: Strikes out swinging
Batting: SHB Chris Barrett 0-0: Ground out 6-3 (Groundball, 6)
Bottom of the 2nd over - 3 runs, 2 hits, 0 errors, 0 left on base; Redwood City 3 - District 9 11
TOP OF THE 3RD
Redwood City Redwoods batting - Pitching for District 9 Prawns : RHP Víctor Ventura
Batting: RHB David Adams 0-0: Called Strike
0-1: Ball
1-1: Ball
2-1: Foul Ball, location: 2F
2-2: Ball
3-2: Base on Balls
Batting: RHB Steve Sampson 0-0: Called Strike
0-1: Called Strike
0-2: Foul Ball, location: 2F
0-2: Ball
1-2: Foul Ball, location: 2F
1-2: Ball
2-2: SINGLE (Line Drive, 8LS)
David Adams to second
Batting: RHB Javier Ortíz 0-0: Called Strike
0-1: Grounds into double play, 6-4-3 (Groundball, 6)
David Adams to third
Batting: RHB Luis Miguel Sánchez 0-0: Ball
1-0: DOUBLE (Flyball, 78D)
David Adams scores
Batting: RHB Luis Ramírez 0-0: Called Strike
0-1: Fly out, F9 (Flyball, 9D)
Top of the 3rd over - 1 run, 2 hits, 0 errors, 1 left on base; Redwood City 4 - District 9 11
BOTTOM OF THE 3RD
District 9 Prawns batting - Pitching for Redwood City Redwoods : LHP Leonard Simmons
Batting: LHB Terry Simpson 0-0: Ground out 6-3 (Groundball, 6)
Batting: LHB Mike Davis 0-0: Foul Ball, location: 2F
0-1: Called Strike
0-2: Strikes out swinging
Batting: RHB José Colón 0-0: Foul Ball, location: 2F
0-1: SOLO HOME RUN (Flyball, 7LD), Distance : 371 ft
Batting: LHB Manuel Cardenas 0-0: Ball
1-0: SINGLE (Line Drive, 56)
Batting: LHB António Romo 0-0: Ball
1-0: DOUBLE (Flyball, 89XD)
Manuel Cardenas to third
Runner from 3rd tries for Home, SAFE, no throw
Batting: LHB Al Bartlett 0-0: Called Strike
0-1: Ball
1-1: Foul Ball, location: 2F
1-2: Ball
2-2: DOUBLE (Line Drive, 7LS)
António Romo scores
Batting: RHB Alfredo Rangel 0-0: Called Strike
0-1: Ground out 1-3 (Groundball, 13S)
Bottom of the 3rd over - 3 runs, 4 hits, 0 errors, 1 left on base; Redwood City 4 - District 9 14
TOP OF THE 4TH
Redwood City Redwoods batting - Pitching for District 9 Prawns : RHP Víctor Ventura
Batting: LHB Arthur Hall 0-0: Ball
1-0: Foul Ball, location: 2F
1-1: Foul Ball, location: 2F
1-2: Fly out, F9 (Flyball, 9D)
Batting: RHB Jesús Cuevas 0-0: Called Strike
0-1: Fly out, F3 (Line Drive, 3)
Batting: LHB José Peralta 0-0: Ground out 1-3 (Groundball, 13S)
Top of the 4th over - 0 runs, 0 hits, 0 errors, 0 left on base; Redwood City 4 - District 9 14
BOTTOM OF THE 4TH
District 9 Prawns batting - Pitching for Redwood City Redwoods : LHP Leonard Simmons
Batting: SHB David Boyle 0-0: Ball
1-0: Ball
2-0: Ball
3-0: Called Strike
3-1: Base on Balls
Batting: SHB Chris Barrett 0-0: Called Strike
0-1: Foul Ball, location: 2F
0-2: Foul Ball, location: 2F
0-2: Fly out, F7 (Flyball, 7LDF)
Batting: LHB Terry Simpson 0-0: Ball
Wild Pitch!
David Boyle to second
1-0: Called Strike
1-1: Ball
2-1: Swinging Strike
2-2: Ball
3-2: Base on Balls
Batting: LHB Mike Davis 0-0: Ball
1-0: Called Strike
1-1: Foul Ball, location: 2F
1-2: Foul Ball, location: 2F
1-2: Ball
2-2: Ball
3-2: Foul Ball, location: 2F
3-2: Fly out, F8 (Line Drive, 8LXD)
Runner from 2nd tags up, SAFE at 3rd, no throw
Batting: RHB José Colón 0-0: Ball
1-0: Fly out, F8 (Flyball, 78D)
Bottom of the 4th over - 0 runs, 0 hits, 0 errors, 2 left on base; Redwood City 4 - District 9 14
TOP OF THE 5TH
Redwood City Redwoods batting - Pitching for District 9 Prawns : RHP Víctor Ventura
Batting: LHB Keith Green 0-0: Ball
1-0: Foul Ball, location: 2F
1-1: SINGLE (Flyball, 78M)
Batting: RHB David Adams 0-0: Ball
1-0: Ball
Wild Pitch!
Keith Green to second
2-0: Foul Ball, location: 2F
2-1: Foul Ball, location: 2F
2-2: Foul Ball, location: 2F
2-2: Ball
3-2: Foul Ball, location: 2F
3-2: Foul Ball, location: 2F
3-2: Strikes out swinging
Batting: RHB Steve Sampson 0-0: SINGLE (Line Drive, 56)
Keith Green to third
Runner from 3rd tries for Home, SAFE, no throw
Batting: RHB Javier Ortíz 0-0: Called Strike
0-1: Ball
1-1: Called Strike
1-2: Fielders Choice at 2nd, 6-4 (Groundball, 56)
Batting: RHB Luis Miguel Sánchez 0-0: Ball
1-0: Called Strike
1-1: Ball
Javier Ortíz steals 2nd base
2-1: Fly out, F7 (Line Drive, 78XD)
Top of the 5th over - 1 run, 2 hits, 0 errors, 1 left on base; Redwood City 5 - District 9 14
BOTTOM OF THE 5TH
District 9 Prawns batting - Pitching for Redwood City Redwoods : LHP Leonard Simmons
Batting: LHB Manuel Cardenas 0-0: Ball
1-0: Foul Ball, location: 2F
1-1: Ball
2-1: Foul Ball, location: 2F
2-2: Strikes out swinging
Batting: LHB António Romo 0-0: Ball
1-0: Called Strike
1-1: Foul Ball, location: 2F
1-2: SINGLE (Groundball, 5D)
Batting: LHB Al Bartlett 0-0: Ball
1-0: Called Strike
1-1: Ball
2-1: Fly out, F7 (Flyball, 7D)
Batting: RHB Alfredo Rangel 0-0: Ball
1-0: SINGLE (Groundball, 6MD)
António Romo to second
Batting: SHB David Boyle 0-0: Called Strike
0-1: Foul Ball, location: 2F
0-2: SINGLE (Groundball, 34D)
António Romo to third
Alfredo Rangel to second
Runner from 3rd tries for Home, SAFE, no throw
Batting: SHB Chris Barrett 0-0: Called Strike
0-1: Ball
1-1: Ball
2-1: Foul Ball, location: 2F
2-2: Fly out, F9 (Flyball, 9LS)
Bottom of the 5th over - 1 run, 3 hits, 0 errors, 2 left on base; Redwood City 5 - District 9 15
TOP OF THE 6TH
Redwood City Redwoods batting - Pitching for District 9 Prawns : RHP Víctor Ventura
Batting: RHB Luis Ramírez 0-0: Called Strike
0-1: Foul Ball, location: 2F
0-2: SINGLE (Groundball, 4D)
Batting: LHB Arthur Hall 0-0: Ball
1-0: Ball
2-0: SINGLE (Line Drive, 34D)
Luis Ramírez to second
Batting: RHB Jesús Cuevas 0-0: Ball
1-0: Grounds out, U3 (Groundball, 3L)
Luis Ramírez to third
Batting: LHB José Peralta 0-0: Called Strike
0-1: Ball
1-1: Called Strike
1-2: Ball
2-2: Fly out, F8 (Flyball, 8LM)
Runner from 3rd tags up, SCORES, throw made
Batting: LHB Keith Green 0-0: Ball
1-0: Ball
2-0: Swinging Strike
2-1: Fly out, F7 (Flyball, 7LMF)
Top of the 6th over - 1 run, 2 hits, 0 errors, 1 left on base; Redwood City 6 - District 9 15
BOTTOM OF THE 6TH
District 9 Prawns batting - Pitching for Redwood City Redwoods : LHP Leonard Simmons
Batting: LHB Terry Simpson 0-0: Swinging Strike
0-1: Ball
1-1: Called Strike
1-2: Ground out 4-3 (Groundball, 4S)
Batting: LHB Mike Davis 0-0: Ball
1-0: Swinging Strike
1-1: Swinging Strike
1-2: Ball
2-2: Ground out 4-3 (Groundball, 4)
Batting: RHB José Colón 0-0: Called Strike
0-1: SINGLE (Groundball, 6D)
Batting: LHB Manuel Cardenas 0-0: Ball
1-0: Ball
2-0: Ball
3-0: Foul Ball, location: 2F
3-1: Base on Balls
José Colón to second
Batting: LHB António Romo 0-0: Ball
1-0: Ball
2-0: Swinging Strike
2-1: Ball
3-1: Foul Ball, location: 2F
3-2: Foul Ball, location: 2F
3-2: Base on Balls
José Colón to third
Manuel Cardenas to second
Batting: LHB Al Bartlett 0-0: Ball
1-0: Ball
2-0: Foul Ball, location: 2F
2-1: Swinging Strike
2-2: Fly out, F5 (Popup, 56S)
Bottom of the 6th over - 0 runs, 1 hit, 0 errors, 3 left on base; Redwood City 6 - District 9 15
TOP OF THE 7TH
Redwood City Redwoods batting - Pitching for District 9 Prawns : RHP Víctor Ventura
Batting: RHB David Adams 0-0: Ball
1-0: Foul Ball, location: 2F
1-1: Ball
2-1: Ball
3-1: Base on Balls
Pitching: RHP Juan Gutiérrez
Batting: RHB Steve Sampson 0-0: Swinging Strike
0-1: Foul Ball, location: 2F
0-2: Ball
1-2: Strikes out swinging
Batting: RHB Javier Ortíz 0-0: Called Strike
0-1: Ball
1-1: Swinging Strike
1-2: Ball
2-2: Strikes out swinging
Batting: RHB Luis Miguel Sánchez 0-0: Ball
1-0: Ball
2-0: Ball
3-0: Called Strike
3-1: Called Strike
3-2: Foul Ball, location: 2F
3-2: Fly out, F8 (Line Drive, 8RD)
Top of the 7th over - 0 runs, 0 hits, 0 errors, 1 left on base; Redwood City 6 - District 9 15
BOTTOM OF THE 7TH
District 9 Prawns batting - Pitching for Redwood City Redwoods : LHP Leonard Simmons
Batting: RHB Alfredo Rangel 0-0: Foul Ball, location: 2F
0-1: Swinging Strike
0-2: Strikes out looking
Batting: SHB David Boyle 0-0: Ball
1-0: Foul Ball, location: 2F
1-1: Ball
2-1: Fly out, F9 (Flyball, 9D)
Batting: SHB Chris Barrett 0-0: Ball
1-0: Ball
2-0: SINGLE (Groundball, 34D)
Batting: LHB Terry Simpson 0-0: Ball
1-0: Called Strike
1-1: Ball
2-1: Foul Ball, location: 2F
2-2: Fly out, F9 (Flyball, 9LSF)
Bottom of the 7th over - 0 runs, 1 hit, 0 errors, 1 left on base; Redwood City 6 - District 9 15
TOP OF THE 8TH
Redwood City Redwoods batting - Pitching for District 9 Prawns : RHP Juan Gutiérrez
Now at SS: Jeff Doss
Now in LF: Donnie Cunningham
Batting: RHB Luis Ramírez 0-0: Called Strike
0-1: Ball
1-1: Swinging Strike
1-2: Ball
2-2: Strikes out swinging
Batting: LHB Arthur Hall 0-0: Foul Ball, location: 2F
0-1: Fly out, F9 (Flyball, 89D)
Pinch Hitting: RHB Cheng-ho Qiao 0-0: SINGLE (Groundball, 56D)
Batting: LHB José Peralta 0-0: Ball
1-0: Called Strike
1-1: Ball
Wild Pitch!
Cheng-ho Qiao to second
2-1: Foul Ball, location: 2F
2-2: Ball
3-2: Base on Balls
Batting: LHB Keith Green 0-0: Called Strike
0-1: Ball
1-1: Foul Ball, location: 2F
1-2: Hit by Pitch
Cheng-ho Qiao to third
José Peralta to second
Batting: RHB David Adams 0-0: Called Strike
0-1: DOUBLE (Line Drive, 7LM)
Cheng-ho Qiao scores
José Peralta scores
Keith Green to third
Batting: RHB Steve Sampson 0-0: Ball
1-0: Ball
2-0: Foul Ball, location: 2F
2-1: Ball
3-1: Foul Ball, location: 2F
3-2: Ground out 4-3 (Groundball, 4M)
Top of the 8th over - 2 runs, 2 hits, 0 errors, 2 left on base; Redwood City 8 - District 9 15
BOTTOM OF THE 8TH
District 9 Prawns batting - Pitching for Redwood City Redwoods : LHP Leonard Simmons
Now at SS: David Strickland
Batting: LHB Mike Davis 0-0: Ball
1-0: Called Strike
1-1: Foul Ball, location: 2F
1-2: Foul Ball, location: 2F
1-2: Ball
2-2: Ground out 4-3 (Groundball, 4M)
Batting: RHB José Colón 0-0: Called Strike
0-1: Called Strike
0-2: DOUBLE (Line Drive, 7D)
Pitching: LHP Sam McMillan
Batting: LHB Manuel Cardenas 0-0: Foul Ball, location: 2F
0-1: Foul Ball, location: 2F
0-2: Fly out, F7 (Flyball, 7LSF)
Batting: LHB António Romo 0-0: Ground out 4-3 (Groundball, 4)
Bottom of the 8th over - 0 runs, 1 hit, 0 errors, 1 left on base; Redwood City 8 - District 9 15
TOP OF THE 9TH
Redwood City Redwoods batting - Pitching for District 9 Prawns : RHP Juan Gutiérrez
Batting: RHB Javier Ortíz 0-0: Called Strike
0-1: Foul Ball, location: 2F
0-2: Fly out, F8 (Flyball, 8RXD)
Batting: RHB Luis Miguel Sánchez 0-0: Called Strike
0-1: Single, Error in OF, E8, batter to second base
Batting: RHB Luis Ramírez 0-0: Called Strike
0-1: Foul Ball, location: 2F
0-2: DOUBLE (Line Drive, 7LM)
Luis Miguel Sánchez scores
Batting: LHB Arthur Hall 0-0: Ball
1-0: Swinging Strike
1-1: Fly out, F8 (Flyball, 8LD)
Batting: RHB David Strickland 0-0: Ball
1-0: Ball
2-0: Called Strike
2-1: Swinging Strike
2-2: Ball
3-2: Foul Ball, location: 2F
3-2: Base on Balls
Batting: LHB José Peralta 0-0: Ball
1-0: Ball
2-0: Ball
3-0: Base on Balls
Luis Ramírez to third
David Strickland to second
Batting: LHB Keith Green 0-0: Ball
1-0: Ball
2-0: Ball
3-0: Called Strike
3-1: Base on Balls
Luis Ramírez scores
David Strickland to third
José Peralta to second
Pitching: RHP Mike Stabler
Batting: RHB David Adams 0-0: Fielders Choice at 2nd, U4 (Groundball, 4M)
Top of the 9th over - 2 runs, 2 hits, 1 error, 3 left on base; Redwood City 10 - District 9 15
Saturday, April 7th, 2018 - OOTP Baseball 18.8 Build 76